 Dungeon Crawl Stone Soup version 0.28.0-1-gb440e238dd (webtiles) character file.

Game seed: 17172187651103090055

299 Peloso the Covered (level 6, 0/55 HPs)
             Began as a Minotaur Fighter on Feb 21, 2022.
             Succumbed to an adder's poison
             ... on level 4 of the Dungeon.
             The game lasted 00:03:40 (3086 turns).

Peloso the Covered (Minotaur Fighter)               Turns: 3086, Time: 00:03:40

Health: 0/55       AC:  8    Str: 20    XL:     6   Next: 13%
Magic:  5/5        EV:  9    Int:  5    God:
Gold:   101        SH:  5    Dex: 12    Spells: 5/5 levels left

rFire   . . .      SeeInvis .   a - +0 long sword
rCold   . . .      Faith    .   c - +0 buckler
rNeg    . . .      Spirit   .   b - +0 scale mail
rPois   .          Reflect  .   (helmet restricted)
rElec   .          Harm     .   (no cloak)
rCorr   .          Rampage  .   j - +0 pair of gloves
Will    .....                   (no boots)
Stlth   ..........              (no amulet)
HPRegen 0.18/turn               (no ring)
MPRegen 0.09/turn               (no ring)

@: mighty, lethally poisoned (0 -> -1), attractive, invisible
A: horns 2, retaliatory headbutt
a: no special abilities


You were on level 4 of the Dungeon.
You visited 1 branch of the dungeon, and saw 4 of its levels.

You collected 101 gold pieces.

Inventory:

Hand Weapons
 a - a +0 long sword (weapon)
Armour
 b - a +0 scale mail (worn)
 c - a +0 buckler (worn)
 j - a +0 pair of gloves (worn)
Jewellery
 g - a ring of positive energy
 m - an amulet of magic regeneration
Scrolls
 f - 2 scrolls of teleportation
 l - a scroll of blinking {unknown}
Potions
 d - a potion of might
 i - a potion of attraction
 k - a potion of resistance {unknown}


   Skills:
 + Level 4.9 Fighting
 + Level 4.8 Long Blades
 + Level 5.2 Armour
 + Level 1.3 Dodging
 + Level 4.6 Shields


You had 5 spell levels left.
You didn't know any spells.
Your spell library contained the following spells:

 Spells                   Type           Power      Damage    Failure   Level
 Foxfire                  Conj/Fire      0%         2x1d4     88%         1
 Slow                     Hex            0%         N/A       88%         1
 Blink                    Tloc           0%         N/A       95%         2
 Ensorcelled Hibernation  Hex/Ice        0%         N/A       95%         2
 Confusing Touch          Hex            0%         N/A       99%         3
 Conjure Flame            Conj/Fire      0%         6-21      99%         3
 Inner Flame              Hex/Fire       0%         N/A       99%         3
 Spider Form              Tmut/Pois      0%         N/A       99%         3
 Vampiric Draining        Necr           0%         2d6       99%         3
 Anguish                  Hex/Necr       0%         N/A       100%        4
 Flame Wave               Conj/Fire      0%         2d4       100%        4
 Manifold Assault         Tloc           0%         N/A       100%        5
 Storm Form               Tmut/Air       0%         N/A       100%        7


Dungeon Overview and Level Annotations

Branches:
Dungeon (4/15)
 Temple: D:4-7

Altars:


Innate Abilities, Weirdness & Mutations

You have a pair of horns on your head.
You reflexively headbutt those who attack you in melee.


Message History

You hear the slow hiss of a very distant avalanche of sand.
The adder bites you but does no damage.
The ogre hits you with a +0 giant club!!
* * * LOW HITPOINT WARNING * * *
The adder bites you but does no damage. The adder bites you.
* * * LOW HITPOINT WARNING * * *
There is an open door here.
The adder bites you.
* * * LOW HITPOINT WARNING * * *
You are poisoned.
The adder poisons you!
It was a potion of attraction.
You feel attractive to monsters.
You feel sick. The adder bites you but does no damage.
You feel very mighty all of a sudden.
You feel sick. The adder bites you but does no damage.
You barely miss the adder.
You feel sick.
You are no longer poisoned.
The adder bites you.
* * * LOW HITPOINT WARNING * * *
You are lethally poisoned!
The adder poisons you! The adder barely misses you.
You completely miss the adder.
* * * LOW HITPOINT WARNING * * *
You feel sick. The adder bites you but does no damage.
You block the adder's attack.
You slash the adder!
You kill the adder!
* * * LOW HITPOINT WARNING * * *
You feel sick.
You slice the adder!!
You kill the adder!
* * * LOW HITPOINT WARNING * * *
You feel sick.
It was a potion of invisibility.
You fade into invisibility!
* * * LOW HITPOINT WARNING * * *
You feel sick. The ogre barely misses you.
It was a potion of magic.
Magic courses through your body.
You die...

## .. ############### ## #####.
........##....# #. ...#.
........##....######.#.#.#####.#.
.)......'.....'O@........<..)...>
........##[...######.###########.
.....!$.##...[# ........
........##....##################.
........##....#..............))..
........##....#.............####.
!.......##....#.............# #.
.......:##....#.......†.....# #.
........##....#.............# #.


You could see an ogre.

Vanquished Creatures
  Pargi (D:3)
  A bullfrog skeleton (D:4)
  A hound (D:4)
  An orc wizard (D:4)
  6 adders
  An adder skeleton (D:4)
  A worm (D:4)
  3 dart slugs
  4 orcs
  2 ball pythons
  4 bats
  4 endoplasms
  4 giant cockroaches
  6 goblins
  5 hobgoblins
  4 jackals (D:3)
  2 kobolds
  2 quokkas
  4 frilled lizards
  7 rats
63 creatures vanquished.

Vanquished Creatures (others)
  2 plants (D:2)
2 creatures vanquished.

Grand Total: 65 creatures vanquished

Notes
Turn   | Place    | Note
-------+----------+-------------------------------------------
     0 | D:1      | Peloso the Minotaur Fighter began the quest for the Orb.
     0 | D:1      | Reached XP level 1. HP: 19/19 MP: 0/0
     2 | D:1      | Noticed an octopode
     2 | D:1      | Noticed a felid
     4 | D:1      | Noticed a troll
     4 | D:1      | Noticed a spriggan
     6 | D:1      | Noticed a dwarf
     9 | D:1      | Noticed a naga
     9 | D:1      | Noticed an ogre
    11 | D:1      | Noticed a formicid
    13 | D:1      | Noticed a ghoul
    13 | D:1      | Noticed a demonspawn
    15 | D:1      | Noticed a demigod
    17 | D:1      | Noticed a draconian
    19 | D:1      | Noticed a tengu
    19 | D:1      | Noticed a merfolk
    21 | D:1      | Noticed a vampire
    23 | D:1      | Noticed a minotaur
    23 | D:1      | Noticed a gargoyle
    25 | D:1      | Noticed a human
    25 | D:1      | Noticed a vine stalker
    27 | D:1      | Noticed an elf
   162 | D:1      | Reached XP level 2. HP: 25/27 MP: 1/1
   397 | D:1      | Reached skill level 4 in Armour
   400 | D:1      | Found a faded altar of an unknown god.
   942 | D:2      | Reached XP level 3. HP: 29/34 MP: 2/2
  2145 | D:3      | Reached XP level 4. HP: 38/41 MP: 3/3
  2323 | D:3      | Noticed Pargi
  2330 | D:3      | Killed Pargi
  2331 | D:3      | Reached skill level 1 in Dodging
  2331 | D:3      | Reached XP level 5. HP: 43/47 MP: 4/4
  2998 | D:4      | Reached skill level 5 in Armour
  2998 | D:4      | Reached XP level 6. HP: 37/55 MP: 5/5
  3084 | D:4      | HP: 2/55 [poisoned by an adder]
  3086 | D:4      | Succumbed to an adder's poison

Illustrated notes

Levels and vault maps discovered:
D:1:      kb_arrival_jail, layout_loops_ring,
          hellmonk_ecumenical_altar_arch_garden
D:2:      layout_basic, serial_bayou_pond_e, minmay_crystal_water
D:3:      layout_basic, uniq_pargi
D:4:      layout_basic, gammafunk_temple_overflow_arena, enter_ossuary_2,
          uniq_crazy_yiuf_cottage

Skill      XL: |  1  2  3  4  5 |
---------------+----------------+-----
Fighting       | 4 |  4.9
Armour         | 4 5 |  5.2
Long Blades    | 3 4 |  4.8
Dodging        | 1 |  1.3
Shields        | 4 |  4.6

Action                   |  1- 3 |  4- 6 || total
-------------------------+-------+-------++-------
Melee: Long sword        |   103 |    86 ||   189
       Headbutt          |     3 |    16 ||    19
  Use: Scroll            |     2 |       ||     2
       Potion            |       |     4 ||     4
Armor: Scale mail        |    56 |    53 ||   109
Dodge: Dodged            |    52 |    43 ||    95
Block: Buckler           |    13 |    30 ||    43
